Map: Ascension to Aiur LE

Players

Winthrowe

  • Race: Zerg Zerg
  • League: Silver
  • Spawn Location: 11:00

Sswagh - Winner!

  • Race: Terran Terran
  • League: Gold
  • Spawn Location: 5:00

VOD

Have the link to the VOD?

Description

Time

  • Played on: Aug. 18, 2017, 6:06 p.m.
  • Length: 8:53
Show
View Real Time Build Order
Export as new Build Order

Winthrowe Zerg 

Build Orders: Pool First 

Get SALT Encoding   

  12  0:03  Drone  
  13  0:09  Drone  
  14  0:17  Overlord  
  14  0:39  Spawning Pool, Drone  
  14  0:42  Drone  
  15  0:46  Drone  
  16  0:52  Extractor  
  16  0:55  Drone  
  16  1:16  Drone x2  
  18  1:29  Drone  
  18  1:31  Queen  
  21  2:00  Drone  
  22  2:02  Hatchery, Overlord  
  22  2:05  Overlord  
  21  2:19  Queen  
  23  2:24  Drone  
  24  2:53  Drone x3  
  27  3:03  Drone x3  
  30  3:12  Extractor  
  29  3:20  Drone x2  
  31  3:31  Queen  
  34  3:41  Drone x4  
  34  3:42  Drone  
  38  3:49  Drone  
  39  4:04  Baneling Nest  
  39  4:07  Queen  
  40  4:12  Spore Crawler  
  39  4:28  Drone  
  39  4:29  Drone x4  
  44  4:36  Overlord  
  44  4:37  Overlord x3  
  44  4:55  Lair  
  44  4:57  Roach Warren  
  44  4:59  Pneumatized Carapace  
  43  5:05  Extractor  
  42  5:11  Extractor  
  41  5:27  Zergling x18  
  50  5:31  Hatchery  
  49  5:41  Roach  
  49  5:42  Roach x4  
  59  5:51  Roach  
  59  5:52  Roach  
  63  5:58  Glial Reconstitution  
  63  6:02  Metabolic Boost  
  63  6:25  Hydralisk Den  
  62  6:52  Drone  
  62  6:53  Drone x3  
  66  6:54  Roach  
  66  6:55  Roach x6  
  66  6:57  Zergling x2  
  66  6:58  Zergling x2  
  66  6:59  Overlord  
  66  7:00  Overlord x2  
  82  7:17  Hydralisk  
  82  7:18  Hydralisk x3  
  90  7:39  Roach  
  90  7:40  Roach x3  
  75  8:02  Roach x4  
  59  8:14  Roach  
  59  8:15  Roach x5  
  71  8:23  Roach x2  
Show
View Real Time Build Order
Export as new Build Order

Sswagh Terran - Winner!

Build Orders: Command Center First (CC), MMM Bio 

Get SALT Encoding   

  12  0:08  SCV  
  13  0:20  SCV  
  14  0:32  SCV  
  15  1:14  Supply Depot  
  15  1:24  Command Center  
  15  1:42  Command Center, Barracks  
  15  1:54  SCV  
  16  2:06  SCV  
  17  2:18  SCV  
  18  2:30  SCV  
  18  2:35  Refinery  
  18  2:36  Refinery  
  19  2:41  Engineering Bay  
  19  2:42  Marine, SCV  
  21  2:51  Barracks  
  21  2:54  SCV  
  22  3:00  Marine  
  22  3:02  SCV x2  
  25  3:06  SCV  
  26  3:14  SCV x2  
  26  3:18  SCV  
  26  3:19  Marine  
  30  3:24  Supply Depot  
  30  3:26  SCV  
  31  3:27  SCV  
  31  3:30  SCV  
  33  3:38  Barracks Tech Lab, SCV  
  33  3:39  SCV  
  33  3:41  Barracks Reactor  
  35  3:50  Barracks  
  35  3:53  Supply Depot  
  35  3:54  Orbital Command  
  35  3:57  Orbital Command  
  35  4:19  Marauder  
  35  4:22  Concussive Shells  
  37  4:24  Marine  
  37  4:25  Marine  
  39  4:31  Supply Depot  
  39  4:33  Terran Infantry Weapons Level 1  
  39  4:35  SCV  
  40  4:42  Marine, SCV  
  40  4:43  Marine, SCV  
  44  4:47  SCV  
  45  4:54  Barracks Reactor, SCV  
  45  4:55  SCV  
  45  4:57  Marauder  
  49  5:00  Marine  
  49  5:01  Marine  
  51  5:18  Marine x2, Stimpack, Marauder  
  55  5:36  Marine  
  55  5:37  Marine  
  55  5:39  Marauder  
  55  5:40  Marine x2  
  61  5:49  Supply Depot  
  61  5:51  Supply Depot x2  
  61  5:54  Marine  
  61  5:55  Marine  
  63  5:57  Marine, Factory  
  63  5:58  Marine, Factory, SCV x3  
  63  6:00  Marine  
  69  6:08  Refinery  
  69  6:10  SCV x3, Refinery  
  72  6:12  Marine  
  72  6:13  Marine  
  72  6:15  Marine, Supply Depot  
  72  6:16  Marine  
  76  6:18  Marine  
  76  6:22  SCV  
  76  6:23  SCV x2  
  80  6:30  Marine x2  
  82  6:33  Marine  
  82  6:34  Marine, SCV  
  82  6:36  Marine  
  82  6:38  SCV, Supply Depot  
  82  6:39  SCV  
  88  6:46  SCV  
  89  6:47  Refinery  
  89  6:48  Marine x2  
  89  6:49  Refinery  
  89  6:51  Marine, SCV  
  89  6:52  Marine  
  94  6:54  Planetary Fortress  
  94  6:58  SCV  
  95  7:03  SCV  
  95  7:04  Marauder  
  95  7:05  Marine  
  95  7:06  Marine  
  95  7:08  Factory Tech Lab x2  
  100  7:09  Marine x2  
  100  7:10  SCV  
  100  7:14  Starport  
  100  7:15  SCV  
  104  7:19  Combat Shields  
  104  7:21  Starport  
  104  7:22  SCV  
  104  7:23  Marine  
  104  7:24  Marine  
  104  7:25  Marauder  
  104  7:27  Marine x2, SCV  
  112  7:39  Armory  
  112  7:41  Marine  
  112  7:42  Marine  
  114  7:44  Marine  
  114  7:45  Marine  
  114  7:46  Marine  
  117  7:56  Siege Tank  
  116  7:59  Marine  
  116  8:00  Marine  
  116  8:02  Marine  
  116  8:03  Marine  
  116  8:04  Marine  
  111  8:17  Marine x2  
  113  8:20  Marine  
  113  8:21  Marine x2  
Tags
 
Add a new tag
Caveats
  • Supply blocks, unpowered buildings, or Contaminate may cause inaccurate times.
  • Supply counts are checked every 10 seconds.